 Dungeon Crawl Stone Soup version 0.31-a0-4-gefa6de2278 (webtiles) character file.

Game seed: 11914843696688294220

89662 Sobieck the Alchemist (level 15, 0/72 HPs)
             Began as a Spriggan Venom Mage on May 2, 2023.
             Was the Champion of Sif Muna.
             Killed from afar by an ice dragon (38 damage)
             ... with a blast of cold
             ... on level 14 of the Dungeon on May 3, 2023.
             The game lasted 01:39:40 (32731 turns).

Sobieck the Alchemist (Spriggan Venom Mage)        Turns: 32731, Time: 01:39:40

Health: 0/72       AC:  6    Str:  4    XL:     15   Next: 50%
Magic:  34/37      EV: 39    Int: 23    God:    Sif Muna [******]
Gold:   2174       SH:  0    Dex: 17    Spells: 7/38 levels left

rFire   . . .        M - staff of poison {!astaff}
rCold   . . .        (shield currently unavailable)
rNeg    . . .        k - +2 robe {Will+}
rPois   +            (helmet restricted)
rElec   .            T - +1 cloak
rCorr   .            (gloves unavailable)
SInv    +            (boots unavailable)
Will    ++++.        e - amulet of the acrobat
Stlth   +++++        B - ring of magical power
HPRegen 0.32/turn    E - ring of willpower
MPRegen 0.25/turn

%: acrobat
@: acrobatic, very quick
A: very small, no large weapons, unfitting armour, see invisible, speed 3, low
MP 1
a: Renounce Religion, Channel Magic, Forget Spell, Divine Exegesis


You were on level 14 of the Dungeon.
You worshipped Sif Muna.
Sif Muna was exalted by your worship.
You visited 3 branches of the dungeon, and saw 21 of its levels.
You also visited: Sewer and Bailey.

You collected 2434 gold pieces.
You spent 260 gold pieces at shops.


Innate Abilities, Weirdness & Mutations

You are very small and have problems with some larger weapons.
You are too small for most types of armour.
You have supernaturally acute eyesight. (SInv)
You cover ground extremely quickly. (Speed+++)
Your magical capacity is low. (-10% MP)


   Skills:
 - Level 5.0 Fighting
 - Level 11.0 Dodging
 - Level 10.0 Stealth
 - Level 12.0 Spellcasting
 - Level 6.0 Conjurations
 - Level 13.0 Hexes
 - Level 4.0 Summonings
 + Level 15.9 Transmutations
 - Level 8.0 Fire Magic
 - Level 10.0 Poison Magic
 - Level 7.0 Invocations


You had 7 spell levels left.
You knew the following spells:

 Your Spells              Type           Power      Damage    Failure   Level
a - Olgreb's Toxic Radia  Pois           74%        N/A       1%          4
b - Ignite Poison         Fire/Tmut/Pois 78%        N/A       1%          3
d - Sticky Flame          Conj/Fire      46%        2d6       2%          4
e - Yara's Violent Unrav  Hex/Tmut       34%        3d14      1%          5
f - Fulminant Prism       Conj/Hex       27%        3d14      1%          4
g - Summon Mana Viper     Hex/Summ       52%        N/A       3%          5
h - Eringya's Noxious Bo  Tmut/Pois      41%        N/A       3%          6

Your spell library contained the following spells:

 Spells                   Type           Power      Damage    Failure   Level
 Foxfire                  Conj/Fire      100%       2x1d9     1%          1
 Shock                    Conj/Air       100%       1d9       1%          1
 Slow                     Hex            100%       N/A       1%          1
 Sting                    Tmut/Pois      100%       1d8       1%          1
 Call Imp                 Summ           64%        N/A       1%          2
 Cigotuvi's Dreadful Rot  Necr/Pois/Air  86%        N/A       1%          2
 Momentum Strike          Conj/Tloc      54%        3d9       1%          2
 Passwall                 Tmut/Erth      41%        N/A       1%          2
 Poisonous Vapours        Pois/Air       100%       N/A       1%          2
 Static Discharge         Conj/Air       54%        2-5/arc   1%          2
 Confusing Touch          Hex            65%        N/A       1%          3
 Dazzling Flash           Conj/Hex       100%       N/A       1%          3
 Inner Flame              Hex/Fire       58%        N/A       1%          3
 Mephitic Cloud           Conj/Pois/Air  55%        N/A       1%          3
 Portal Projectile        Hex/Tloc       86%        N/A       1%          3
 Summon Guardian Golem    Hex/Summ       52%        N/A       1%          3
 Tukima's Dance           Hex            65%        N/A       1%          3
 Petrify                  Tmut/Erth      50%        N/A       1%          4
 Alistair's Intoxication  Tmut/Pois      55%        N/A       1%          5
 Blade Hands              Tmut           36%        N/A       1%          5
 Irradiate                Conj/Tmut      29%        3d21      1%          5
 Dragon Form              Tmut           36%        N/A       6%          7
 Blink                    Tloc           26%        N/A       7%          2
 Fireball                 Conj/Fire      23%        3d11      7%          5
 Silence                  Hex/Air        21%        N/A       9%          5
 Ozocubu's Armour         Ice            13%        N/A       14%         3
 Vampiric Draining        Necr           13%        2d6       14%         3
 Vhi's Electric Charge    Tloc/Air       26%        N/A       14%         3
 Enfeeble                 Hex            32%        N/A       19%         7
 Statue Form              Tmut/Erth      33%        N/A       26%         6
 Arcjolt                  Conj/Air       13%        1d23      36%         5
 Starburst                Conj/Fire      23%        6d8       36%         6
 Animate Dead             Necr           13%        N/A       41%         4
 Dispel Undead            Necr           13%        3d9       41%         4
 Manifold Assault         Tloc           13%        N/A       41%         4
 Passage of Golubria      Tloc           13%        N/A       41%         4
 Summon Forest            Summ/Tloc      11%        N/A       50%         5
 Borgnjor's Vile Clutch   Necr/Erth      6%         N/A       77%         5
 Lee's Rapid Deconstruct  Erth           6%         3d6*      77%         5
 Plasma Beam              Fire/Air       16%        2x1d30    80%         6
 Summon Cactus Giant      Summ           16%        N/A       80%         6
 Conjure Ball Lightning   Conj/Air       13%        3x3d6     90%         6
 Iron Shot                Conj/Erth      13%        9d3       90%         6
 Orb of Destruction       Conj           20%        9d8       97%         7
 Spellforged Servitor     Conj/Summ      18%        N/A       99%         7
 Death Channel            Necr           6%         N/A       100%        6
 Ozocubu's Refrigeration  Ice            6%         4d8       100%        7
 Ignition                 Fire           25%        3d8       100%        8
 Chain Lightning          Conj/Air       13%        3d18      100%        9
 Fire Storm               Conj/Fire      23%        8d6       100%        9

Inventory:

Hand Weapons
 a - a +2 short sword of electrocution {short}
   (You found it on level 7 of the Dungeon)
 P - a +0 dagger of holy wrath {short}
   (You took it off a kobold on level 6 of the Dungeon)
Missiles
 g - 87 poisoned darts {throwing}
 y - 112 stones {throwing}
 S - 4 throwing nets {=f!fthrowing}
 U - 9 curare-tipped darts {=fthrowing}
Armour
 k - a +2 robe of willpower (worn)
   (You took it off a wight on level 7 of the Dungeon)
 T - a +1 cloak (worn)
   (You found it on level 13 of the Dungeon)
 V - a +2 buckler
   (You took it off a tengu conjurer on level 14 of the Dungeon)
Magical Staves
 t - a staff of cold {!astaff}
   (You found it on level 2 of the Dungeon)
 M - a staff of poison (weapon) {!astaff}
   (You found it on level 2 of the Lair of Beasts)
Jewellery
 e - an amulet of the acrobat (around neck)
   (You found it on level 4 of the Dungeon)
 q - a ring of fire
   (You found it on level 1 of the Lair of Beasts)
 B - a ring of magical power (left hand)
   (You bought it in a shop on level 2 of the Orcish Mines)
 E - a ring of willpower (right hand)
   (You found it on level 9 of the Dungeon)
 J - a +4 ring of protection
   (You found it on level 5 of the Lair of Beasts)
 Q - a +6 ring of dexterity
   (You found it on level 7 of the Dungeon)
 R - a ring of flight
   (You found it on level 3 of the Lair of Beasts)
 X - a ring of protection from cold
   (You found it on level 3 of the Lair of Beasts)
 Y - a ring of ice
   (You found it on level 5 of the Lair of Beasts)
Wands
 c - a wand of iceblast (14)
   (You found it on level 8 of the Dungeon)
 x - a wand of mindburst (55)
   (You found it on level 3 of the Dungeon)
 F - a wand of flame (19)
   (You found it on level 4 of the Dungeon)
 G - a wand of charming (16)
   (You found it on level 11 of the Dungeon)
 H - a wand of polymorph (5)
   (You found it on level 12 of the Dungeon)
Scrolls
 d - 4 scrolls of enchant armour
 h - 12 scrolls of teleportation {@r4}
 m - 3 scrolls of blinking {!r}
 o - 2 scrolls of amnesia
 p - 4 scrolls of noise {!r}
 s - 9 scrolls of enchant weapon
 D - 6 scrolls of magic mapping {!r}
 I - 5 scrolls of fog
 O - a scroll of silence {!r}
 W - a scroll of vulnerability {!r!r}
Potions
 b - 3 potions of magic
 f - 7 potions of haste {@q3}
 i - 2 potions of cancellation
 j - a potion of degeneration {unknown}
 l - 3 potions of attraction {!q}
 n - 5 potions of resistance
 r - 8 potions of heal wounds {@q2}
 u - 6 potions of lignification {!q}
 w - 8 potions of curing {@q1}
 z - 5 potions of brilliance
 A - 3 potions of invisibility
 C - 2 potions of mutation {!q}
 K - 4 potions of ambrosia
 L - 2 potions of flight {unknown}
 Z - a potion of might {unknown}
Miscellaneous
 v - a box of beasts
   (You found it on level 5 of the Lair of Beasts)
 N - a condenser vane
   (You found it on level 10 of the Dungeon)

Dungeon Overview and Level Annotations

Branches:
Dungeon (14/15) Zot: 25134  Temple (0/1) D:4            Lair (5/5) D:10 Zot: 22849
 Shoals (0/4) Lair:3       Spider (0/4) Lair:2        Slime (0/5) Lair:4
    Orc (2/2) D:9 Zot: 8647     Elf (0/3) Orc:2        Vaults (0/5) D:14
  Sewer (visited)          Bailey (visited)

Altars:
Ashenzari
Dithmenos
Fedhas
Gozag
Hepliaklqana
Kikubaaqudgha
Nemelex Xobeh
Okawaru
Qazlal
Ru
Sif Muna
Uskayaw
Vehumet
Wu Jian
Xom
The Shining One

Shops:
Orc:2

*?:* #.# #.####
#....## #.##..#
#.....# #.D..##
#...#..# #########
#..#..#.##........
#@##.#..##........
#.# #...##..<.)...
#.# #####........
#.########........
#.................
#.................
#.................
#.################
#.#


You could see an ice dragon (burning, catching breath).


Message History

The vault guard is poisoned.
The vault guard looks even sicker.
Unknown command.
A human comes into view.
It is wielding the +8 great sword of Icepog {freeze, Will++ Str+8 Stlth-}.
Your toxic aura wanes.
Casting: Olgreb's Toxic Radiance (mildly dangerous; 1% risk of failure)
Confirm with . or Enter, or press ? or * to list all spells.
You feel a surge of power!
You ignite the poison in your surroundings!
The vault guard seems to burn from within!!
You kill the vault guard!
Sif Muna accepts your kill.
Unknown command.
Things that are here:
a +0 great sword {long}; a +0 plate armour Unknown command.
Things that are here:
a +0 great sword {long}; a +0 plate armour Danger!
Casting: Ignite Poison (safe; 1% risk of failure)
Confirm with . or Enter, or press ? or * to list all spells.
You don't have enough magic to cast this spell.
Unknown command.
Casting: Ignite Poison (safe; 1% risk of failure)
Confirm with . or Enter, or press ? or * to list all spells.
You don't have enough magic to cast this spell.
Things that are here:
a +0 great sword {long}; a +0 plate armour You start resting.
Unknown command.
Things that are here:
a +0 great sword {long}; a +0 plate armour
Items here: ) [[ †.
Items here: ) [ ÷÷.
You see here a human skeleton.
There is an open gate here.
Danger!
Found a gate to the Vaults.
The human shouts!
Unknown command.
Casting: Ignite Poison (safe; 1% risk of failure)
Confirm with . or Enter, or press ? or * to list all spells.
You feel a surge of power!
You begin to radiate toxic energy.
The human is poisoned.
The human looks even sicker.
The human looks even sicker.
Your toxic aura wanes.
Casting: Olgreb's Toxic Radiance (mildly dangerous; 1% risk of failure)
Confirm with . or Enter, or press ? or * to list all spells.
You feel a surge of power!
You ignite the poison in your surroundings!
The human seems to burn from within!!!
You kill the human!
Sif Muna accepts your kill.
Things that are here:
the +8 great sword of Icepog {freeze, Will++ Str+8 Stlth-, long}; a +0 plate armour Unknown command.
There is a gate to the Vaults here.
Things that are here:
the +8 great sword of Icepog {freeze, Will++ Str+8 Stlth-, long}; a +0 plate armour
There is an open gate here.
You see here a human skeleton.
You start resting.
Unknown command.
Unknown command.
Things that are here:
a +0 great sword {long}; a +0 plate armour Your pack is full.
You see here a scroll of identify {@r1}.
Unknown command.
As you read the scroll of identify {@r1}, it crumbles to dust.
i - 2 potions of cancellation Unknown command.
An ice dragon is nearby!
Danger!
Casting: Ignite Poison (safe; 1% risk of failure)
Confirm with . or Enter, or press ? or * to list all spells.
Okay, then.
Unknown command.
Casting: Ignite Poison (safe; 1% risk of failure)
Confirm with . or Enter, or press ? or * to list all spells.
Okay, then.
Unknown command.
Unknown command.
Unknown command.
Unknown command.
Casting: Ignite Poison (safe; 1% risk of failure)
Confirm with . or Enter, or press ? or * to list all spells.
Aiming: Sticky Flame (dangerous; 2% risk of failure)
Press: ? - help, Shift-Dir - straight line, f - ice dragon
Aim: an ice dragon (wandering, hasn't noticed you)
The sticky flame hits the ice dragon but does no damage.
The ice dragon roars deafeningly!
The ice dragon is covered in liquid flames!
The ice dragon burns!
The ice dragon breathes frost at you. The blast of cold hits you!!
The ice dragon burns!
The ice dragon burns!
The ice dragon breathes frost at you. The blast of cold hits you!!!
Ouch! That really hurt!
You die...

Skill      XL: |  1  2  3  4  5  6  7  8  9 10 11 12 13 14 15 |
---------------+----------------------------------------------+-----
Poison Magic   | 4 5 6 8 9 10 | 10.0
Transmutations | 2 4 11 15 | 15.9
Fire Magic     | 2 4 5 7 8 |  8.0
Spellcasting   | 4 7 8 9 10 12 | 12.0
Dodging        | 4 5 8 9 11 | 11.0
Fighting       | 1 2 4 5 |  5.0
Stealth        | 4 5 10 | 10.0
Conjurations   | 3 4 6 |  6.0
Invocations    | 5 6 7 |  7.0
Hexes          | 4 8 12 13 | 13.0
Summonings     | 4 |  4.0

Action                     |  1- 3 |  4- 6 |  7- 9 | 10-12 | 13-15 || total
---------------------------+-------+-------+-------+-------+-------++-------
  Melee: Short sword       |       |    16 |       |    57 |    38 ||   111
         Punch             |       |       |       |     1 |     1 ||     2
         Staff             |       |       |       |       |     3 ||     3
   Fire: Sling             |    97 |   172 |    76 |     2 |       ||   347
   Cast: Sting             |    21 |    25 |    37 |       |       ||    83
         Olgreb's Toxic Ra |       |    10 |    35 |   114 |   153 ||   312
         Ignite Poison     |       |     2 |    35 |    96 |   193 ||   326
         Sticky Flame      |       |       |     9 |    20 |    38 ||    67
         Yara's Violent Un |       |       |       |     2 |     1 ||     3
         Fulminant Prism   |       |       |       |       |    37 ||    37
         Summon Mana Viper |       |       |       |       |    28 ||    28
         Eringya's Noxious |       |       |       |       |    20 ||    20
  Evoke: Wand              |       |       |       |     3 |       ||     3
    Use: Scroll            |       |    12 |     2 |     7 |     7 ||    28
         Potion            |       |       |       |     1 |     3 ||     4
   Stab: Sleeping          |       |       |       |     4 |     1 ||     5
 Armour: Robe              |     3 |    14 |     5 |     9 |    17 ||    48
  Dodge: Dodged            |    17 |    96 |    37 |   183 |   299 ||   632

Levels and vault maps discovered:
D:1:      sevenhm_arrival_forest_fort_large_4, layout_loops_corners,
          amcnicky_mini_pool_small
D:2:      layout_loops_ring, basic_altar, serial_bayou_pond_c
D:3:      layout_rooms, nicolae_uskayaw_suspiria, evilmike_ruin_ashenzari,
          nicolae_ru_sacrificial_ziggurat, nicolae_overflow_crystal_walls
D:4:      layout_cave_pools, mainiacjoe_overflow_surrounded_room, temple_green,
          portal_sewer_entry_e, hangedman_decor_opposing, serial_bayou_crossing
D:5:      layout_basic, uniq_sigmund, uniq_pikel
D:6:      layout_basic, nzn_wu_jian_council_hall, tso_oasis_becter,
          kennysheep_generic_room_16
D:7:      nzn_winding_woodlands_medium [nzn_winding_woodlands_5x5_closed_star,
          nzn_winding_woodlands_5x15_sidewinder,
          nzn_winding_woodlands_5x5_checkerboard,
          nzn_winding_woodlands_5x5_default,
          nzn_winding_woodlands_center_diamonds,
          nzn_winding_woodlands_5x5_open_star,
          nzn_winding_woodlands_5x5_default,
          nzn_winding_woodlands_5x15_river_crossing,
          nzn_winding_woodlands_5x5_cross], layout_basic,
          mainiacjoe_overflow_catwalk, nicolae_qazlal_eye_of_the_storm,
          lemuel_crystal_altar, uniq_maggie
D:8:      layout_loops_ring, amcnicky_altar_gilded, kennysheep_little_box,
          lemuel_round_altar, enter_bailey_2, grunt_ministairs_8, uniq_psyche
D:9:      layout_rooms, mainiacjoe_overflow_24_doors,
          kennysheep_orc_monster_closet_entryway, kennysheep_dice
D:10:     layout_long_grid, mainiacjoe_overflow_tiny_flanked,
          due_lair_maze_entry_diamond
D:11:     layout_loops_ring, nicolae_sif_muna_condensation
D:12:     layout_roguey
D:13:     layout_cross
D:14:     layout_long_grid, ximxim_vaults_locker_room,
          portal_ice_cave_entry_dragon, serial_demonic, serial_demonic_c,
          serial_demonic_e, serial_demonic_g, serial_demonic_f,
          chequers_serial_rivers_micro_e, minmay_joined_circles, uniq_jorgrun
Lair:1:   layout_misc_corridors, uniq_nergalle
Lair:2:   layout_loops_ring, hellmonk_spider_entry_life_and_decay,
          grunt_megastairs_4, lemuel_fruit_fields
Lair:3:   layout_cave_pods, minmay_shoals_entry_lonely_mermaid
Lair:4:   layout_hall_layers, minmay_slime_entry_pillars
Lair:5:   hangedman_lair_in_review, layout_cave_pods, uniq_rupert
Orc:1:    layout_caves
Orc:2:    st_orc_rangers, layout_caves

Notes
Turn   | Place    | Note
-------+----------+-------------------------------------------
     0 | D:1      | Sobieck the Spriggan Venom Mage began the quest for the
                  | Orb.
     0 | D:1      | Reached XP level 1. HP: 9/9 MP: 5/5
   594 | D:1      | Reached XP level 2. HP: 10/13 MP: 6/6
   940 | D:2      | Found a shimmering blue altar of Sif Muna.
   957 | D:2      | Became a worshipper of Sif Muna the Loreminder
   998 | D:2      | Reached skill level 4 in Poison Magic
  1147 | D:2      | Reached XP level 3. HP: 16/16 MP: 6/8
  1742 | D:2      | Reached XP level 4. HP: 21/21 MP: 6/9
  1826 | D:2      | Reached skill level 5 in Poison Magic
  1906 | D:2      | Learned a level 4 spell: Olgreb's Toxic Radiance
  2077 | D:3      | Found a broken altar of Ashenzari.
  2108 | D:3      | Reached * piety under Sif Muna
  2111 | D:3      | Found a sacrificial altar of Ru.
  2266 | D:3      | Found an iron altar of Okawaru.
  2370 | D:3      | Found a hide-covered altar of Uskayaw.
  2598 | D:4      | Identified a scroll of acquirement
  2598 | D:4      | Acquired an Everburning Encyclopedia
  2599 | D:4      | You add the spells Ignite Poison, Sticky Flame and Ignition
                  | to your library.
  2604 | D:4      | Learned a level 3 spell: Ignite Poison
  2666 | D:4      | Noticed a scorpion
  2673 | D:4      | Killed a scorpion
  2674 | D:4      | Reached XP level 5. HP: 24/24 MP: 5/10
  2703 | D:4      | Reached skill level 6 in Poison Magic
  2886 | D:4      | Found a glowing drain.
  2954 | Sewer    | Entered a sewer
  3095 | Sewer    | Reached XP level 6. HP: 28/28 MP: 9/11
  3141 | Sewer    | Reached ** piety under Sif Muna
  3142 | Sewer    | Reached skill level 7 in Poison Magic
  3334 | D:4      | Found a staircase to the Ecumenical Temple.
  3409 | D:4      | Found a shadowy altar of Dithmenos.
  3820 | D:5      | Entered Level 5 of the Dungeon
  4260 | D:5      | Noticed Sigmund
  4262 | D:5      | Killed Sigmund
  4263 | D:5      | Reached skill level 8 in Poison Magic
  4263 | D:5      | Reached XP level 7. HP: 32/32 MP: 4/12
  4437 | D:5      | Reached skill level 2 in Transmutations
  4466 | D:5      | Noticed Pikel
  4477 | D:5      | Killed Pikel
  4478 | D:5      | Reached skill level 2 in Fire Magic
  4478 | D:5      | Reached skill level 9 in Poison Magic
  4478 | D:5      | Reached XP level 8. HP: 36/36 MP: 4/13
  4667 | D:5      | Reached skill level 10 in Poison Magic
  4796 | D:5      | Reached skill level 3 in Spellcasting
  5008 | D:5      | Reached skill level 3 in Transmutations
  5123 | D:5      | Reached skill level 4 in Spellcasting
  5123 | D:5      | Reached skill level 4 in Transmutations
  5123 | D:5      | Reached skill level 3 in Dodging
  5622 | D:6      | Reached *** piety under Sif Muna
  5624 | D:6      | Reached skill level 1 in Fighting
  5755 | D:6      | Reached skill level 4 in Stealth
  5760 | D:6      | Learned a level 4 spell: Sticky Flame
  6388 | D:6      | Found a glowing golden altar of the Shining One.
  6434 | D:6      | Found an ornate altar of the Wu Jian Council.
  6707 | D:6      | Reached skill level 4 in Dodging
  6707 | D:6      | Reached XP level 9. HP: 40/42 MP: 6/17
  7014 | D:7      | Reached skill level 5 in Spellcasting
  7014 | D:7      | Reached skill level 1 in Conjurations
  7254 | D:7      | Reached skill level 2 in Fighting
  7254 | D:7      | Reached skill level 5 in Stealth
  7475 | D:7      | Reached skill level 5 in Dodging
  7605 | D:7      | Found a blossoming altar of Fedhas.
  7631 | D:7      | Reached skill level 3 in Fire Magic
  7717 | D:7      | Reached skill level 2 in Conjurations
  7896 | D:7      | Reached skill level 6 in Spellcasting
  8031 | D:7      | Found a radiant altar of Vehumet.
  8164 | D:7      | Found a stormy altar of Qazlal.
  8164 | D:7      | Noticed Maggie
  8168 | D:7      | Killed Maggie
  8169 | D:7      | Reached skill level 4 in Fire Magic
  8558 | D:7      | Reached **** piety under Sif Muna
  8559 | D:7      | Reached skill level 7 in Spellcasting
  8559 | D:7      | Reached skill level 3 in Conjurations
  9158 | D:7      | Noticed a queen bee
  9162 | D:7      | Killed a queen bee
  9163 | D:7      | Reached XP level 10. HP: 46/46 MP: 14/22
  9182 | D:7      | Reached skill level 8 in Spellcasting
  9293 | D:7      | Reached skill level 4 in Conjurations
  9541 | D:8      | Found a shimmering altar of Xom.
  9611 | D:8      | Found a flagged portal.
  9757 | Bailey   | Entered a bailey
  9852 | Bailey   | Reached ***** piety under Sif Muna
  9852 | Bailey   | Identified a +0 crystal plate armour
  9865 | Bailey   | Reached skill level 1 in Invocations
  9949 | Bailey   | a +0 glaive {polearm}; a +0 crystal plate armour {rare=g}
  9973 | Bailey   | Reached skill level 8 in Dodging
  9973 | Bailey   | Reached skill level 10 in Stealth
  9973 | Bailey   | Reached skill level 5 in Invocations
  9973 | Bailey   | Reached XP level 11. HP: 50/50 MP: 24/24
 10020 | Bailey   | Identified a +0 crystal plate armour
 10022 | Bailey   | Received a gift from Sif Muna
 10023 | Bailey   | You add the spells Slow, Dazzling Flash, Portal Projectile,
                  | Inner Flame and Yara's Violent Unravelling to your library.
 10023 | Bailey   | Got Sif Muna's Dissertation on Doom {god gift}
 10039 | Bailey   | Learned a level 5 spell: Yara's Violent Unravelling
 10080 | Bailey   | Reached skill level 9 in Dodging
 10189 | Bailey   | a +0 glaive {polearm}; a +0 crystal plate armour {rare=g}
 10189 | Bailey   | a +0 glaive {polearm}; a +0 crystal plate armour {rare=g}
 10189 | Bailey   | Could not pick up a +0 crystal plate armour {rare=g} here;
                  | ([A]lways) ignore it?
 10267 | D:8      | Found an ancient bone altar of Kikubaaqudgha.
 10466 | D:8      | Reached skill level 1 in Hexes
 10545 | D:8      | Noticed Psyche
 10547 | D:8      | Killed Psyche
 10612 | D:8      | Acquired Zurreero's Disquisition on the Hapless Band
 10613 | D:8      | You add the spells Call Imp, Fulminant Prism, Silence,
                  | Spellforged Servitor and Enfeeble to your library.
 10669 | D:8      | Found an opulent altar of Gozag.
 11397 | D:9      | Found a sparkling altar of Nemelex Xobeh.
 11428 | D:9      | HP: 12/50 [wraith (6)]
 11441 | D:9      | Reached skill level 9 in Spellcasting
 11441 | D:9      | Reached skill level 2 in Hexes
 11441 | D:9      | Reached skill level 6 in Invocations
 11599 | D:9      | Reached skill level 5 in Fire Magic
 12000 | D:9      | Reached skill level 3 in Hexes
 12254 | D:9      | Found a staircase to the Orcish Mines.
 12258 | D:9      | Reached skill level 4 in Hexes
 12664 | Orc:1    | Entered Level 1 of the Orcish Mines
 12969 | Orc:1    | Received a gift from Sif Muna
 12970 | Orc:1    | You add the spells Passwall, Petrify, Lee's Rapid
                  | Deconstruction and Orb of Destruction to your library.
 12970 | Orc:1    | Got Vitoss's Handbook of the Conjured Caves {god gift}
 13010 | Orc:1    | Reached XP level 12. HP: 37/54 MP: 18/26
 13142 | Orc:1    | Reached skill level 10 in Spellcasting
 13142 | Orc:1    | Reached skill level 7 in Invocations
 13387 | Orc:1    | Reached skill level 5 in Hexes
 13387 | Orc:1    | Reached skill level 6 in Fire Magic
 13886 | Orc:2    | Entered Level 2 of the Orcish Mines
 13962 | Orc:2    | Reached skill level 6 in Hexes
 14362 | Orc:2    | Noticed an orc warlord
 14368 | Orc:2    | Killed an orc warlord
 14523 | Orc:2    | Noticed an orc high priest
 14526 | Orc:2    | Reached skill level 3 in Fighting
 14526 | Orc:2    | Killed an orc high priest
 14527 | Orc:2    | Reached skill level 7 in Hexes
 15061 | Orc:2    | Noticed a centaur warrior
 15213 | Orc:2    | Received a gift from Sif Muna
 15214 | Orc:2    | Reached skill level 10 in Dodging
 15349 | Orc:2    | Killed a centaur warrior
 15350 | Orc:2    | You add the spells Static Discharge, Fireball, Irradiate,
                  | Starburst, Conjure Ball Lightning and Fire Storm to your
                  | library.
 15350 | Orc:2    | Got Sif Muna's Parchment of Fulmination {god gift}
 15643 | Orc:2    | Reached skill level 4 in Fighting
 15809 | Orc:2    | Reached skill level 8 in Hexes
 15809 | Orc:2    | Reached skill level 7 in Fire Magic
 16370 | Orc:2    | Found a staircase to the Elven Halls.
 16419 | Orc:2    | Found Emifaemp's Magic Scroll Shoppe.
 16419 | Orc:2    | Found Baunimes's Book Boutique.
 16421 | Orc:2    | Found Esam's General Store.
 16423 | Orc:2    | Found Taditar's General Store.
 16430 | Orc:2    | Bought a ring of magical power for 260 gold pieces
 16654 | D:10     | Entered Level 10 of the Dungeon
 16753 | D:10     | Reached skill level 11 in Dodging
 16878 | D:10     | Found a staircase to the Lair.
 17409 | D:10     | Found a hazy altar of Hepliaklqana.
 17469 | D:10     | Reached XP level 13. HP: 61/61 MP: 26/28
 17848 | D:11     | Found a shimmering blue altar of Sif Muna.
 17863 | D:11     | Identified the +9 hand axe of Nightmares {heavy, rN+ Str+6
                  | Int-4}
 17950 | D:11     | Reached skill level 9 in Hexes
 18069 | D:11     | HP: 1/61 [cyclops/large rock (32)]
 19311 | Lair:1   | Entered Level 1 of the Lair of Beasts
 19357 | Lair:1   | Reached skill level 8 in Fire Magic
 19522 | Lair:1   | Reached skill level 10 in Hexes
 20146 | Lair:1   | Reached skill level 5 in Conjurations
 20314 | Lair:1   | Noticed Nergalle
 20320 | Lair:1   | Killed Nergalle
 20794 | Lair:2   | You add the spells Ozocubu's Armour and Ozocubu's
                  | Refrigeration to your library.
 20808 | Lair:2   | Received a gift from Sif Muna
 20809 | Lair:2   | You pick up a book of Lightning and begin reading...
 20809 | Lair:2   | You add the spells Vhi's Electric Charge, Arcjolt and
                  | Plasma Beam to your library.
 20981 | Lair:2   | Found a hole to the Spider Nest.
 21005 | Lair:2   | Reached skill level 11 in Hexes
 21406 | Lair:2   | Reached skill level 6 in Conjurations
 21414 | Lair:2   | Reached skill level 12 in Hexes
 22552 | Lair:3   | Found a staircase to the Shoals.
 23002 | Lair:3   | Reached XP level 14. HP: 67/67 MP: 27/29
 23084 | Lair:3   | You pick up a book of Unlife and begin reading...
 23084 | Lair:3   | You add the spells Animate Dead, Borgnjor's Vile Clutch and
                  | Death Channel to your library.
 23251 | Lair:3   | You pick up a book of Debilitation and begin reading...
 23251 | Lair:3   | You add the spells Vampiric Draining and Confusing Touch to
                  | your library.
 23375 | Lair:3   | You pick up a book of Decay and begin reading...
 23375 | Lair:3   | You add the spells Cigotuvi's Dreadful Rot and Dispel
                  | Undead to your library.
 23380 | Lair:3   | You pick up a book of Transfigurations {@e2} and begin
                  | reading...
 23380 | Lair:3   | You add the spells Blade Hands and Dragon Form to your
                  | library.
 23984 | Lair:4   | You pick up a book of the Wilderness and begin reading...
 23984 | Lair:4   | You add the spells Summon Forest, Summon Mana Viper and
                  | Summon Cactus Giant to your library.
 24019 | Lair:4   | Learned a level 4 spell: Fulminant Prism
 24025 | Lair:4   | Learned a level 5 spell: Summon Mana Viper
 24085 | Lair:4   | Received a gift from Sif Muna
 24086 | Lair:4   | Reached skill level 5 in Fighting
 24086 | Lair:4   | Reached skill level 13 in Hexes
 24086 | Lair:4   | You add the spells Momentum Strike, Blink, Manifold
                  | Assault, Alistair's Intoxication, Eringya's Noxious Bog and
                  | Statue Form to your library.
 24086 | Lair:4   | Got Sif Muna's Annotations on the Transforming Voyage {god
                  | gift}
 24094 | Lair:4   | Learned a level 6 spell: Eringya's Noxious Bog
 24127 | Lair:4   | Identified the +1 rapier of Xuatoi {drain, rF+ Str+2 SInv
                  | Stlth-}
 24148 | Lair:4   | Reached skill level 11 in Spellcasting
 24148 | Lair:4   | Reached skill level 1 in Summonings
 24573 | Lair:4   | Reached skill level 5 in Transmutations
 24784 | Lair:4   | Found a staircase to the Slime Pits.
 24854 | Lair:4   | Reached skill level 2 in Summonings
 25746 | Lair:5   | Entered Level 5 of the Lair of Beasts
 25821 | Lair:5   | Noticed Rupert
 25832 | Lair:5   | Killed Rupert
 25833 | Lair:5   | Reached skill level 6 in Transmutations
 26145 | Lair:5   | Reached skill level 3 in Summonings
 26469 | Lair:5   | Reached skill level 12 in Spellcasting
 26469 | Lair:5   | Reached skill level 7 in Transmutations
 26700 | Lair:5   | You pick up a book of Dangerous Friends and begin
                  | reading...
 26982 | Lair:5   | Reached skill level 4 in Summonings
 27185 | Lair:5   | Reached skill level 8 in Transmutations
 27460 | Lair:5   | Reached skill level 9 in Transmutations
 27747 | Lair:5   | Reached skill level 10 in Transmutations
 28114 | Lair:5   | Reached skill level 11 in Transmutations
 29093 | D:12     | Reached ****** piety under Sif Muna
 29143 | D:12     | Reached XP level 15. HP: 72/72 MP: 17/32
 29270 | D:12     | Reached skill level 12 in Transmutations
 29921 | D:13     | Received a gift from Sif Muna
 29924 | D:13     | You add the spells Foxfire, Shock, Iron Shot and Chain
                  | Lightning to your library.
 29924 | D:13     | Got Sif Muna's Thoughts on Bright Venin {god gift}
 30089 | D:13     | Reached skill level 13 in Transmutations
 30612 | D:14     | You add the spells Tukima's Dance and Passage of Golubria
                  | to your library.
 30816 | D:14     | Reached skill level 14 in Transmutations
 31327 | D:14     | Noticed Jorgrun
 31332 | D:14     | Killed Jorgrun
 31332 | D:14     | HP: 18/72 [cloud of flame (11)]
 31503 | D:14     | Gained mutation: Your magical capacity is low. (-10% MP) [a
                  | neqoxec]
 31649 | D:14     | Reached skill level 15 in Transmutations
 31790 | D:13     | Upgraded the game from 0.31-a0-1-g4198be8af4 to
                  | 0.31-a0-4-gefa6de2278
 32444 | D:14     | Identified the +8 great sword of Icepog {freeze, Will++
                  | Str+8 Stlth-}
 32626 | D:14     | Found a gate to the Vaults.
 32731 | D:14     | Killed from afar by an ice dragon

Vanquished Creatures
  Rupert (Lair:5)
  Jorgrun (D:14)
  An orc warlord (Orc:2)
  5 hydras
  3 vault guards (D:14)
  A boulder beetle (Lair:5)
  4 centaur warriors
  A catoblepas (Lair:5)
  3 death yaks (Lair:5)
  An orc high priest (Orc:2)
  3 sixfirhies (D:14)
  A sun demon (D:13)
  Nergalle (Lair:1)
  A skyshark (Lair:3)
  A wizard (D:14)
  4 orc knights (Orc:2)
  2 lindwurms (Lair:5)
  7 ugly things
  Pikel (D:5)
  3 deep elf pyromancers
  2 manticores (Lair:5)
  5 cyclopes
  2 orc sorcerers
  11 elephants
  A merfolk siren (Lair:3)
  2 black mambas
  16 cane toads
  Maggie (D:7)
  2 gargoyles
  4 rime drakes
  6 komodo dragons
  2 kobold demonologists (D:12)
  An ice devil (D:14)
  Psyche (D:8)
  A queen bee (shapeshifter) (D:7)
  8 trolls
  3 polar bears
  22 blink frogs
  14 dream sheep
  11 slime creatures
  Sigmund (D:5)
  3 wyverns
  3 wraiths
  54 yaks
  3 shadows
  2 culicivoras (Lair:2)
  5 basilisks
  8 humans (D:14)
  5 steam dragons
  5 vampire mosquitoes
  A chaos spawn (D:14)
  7 wargs
  An acid dragon (D:11)
  11 water moccasins
  5 black bears
  7 sky beasts
  42 orc warriors
  3 ice beasts
  12 ogres
  18 centaurs
  9 wolves
  4 lemures (D:5)
  11 kobold brigands
  7 gnoll sergeants
  8 bullfrogs
  2 scorpions
  5 wights (D:7)
  19 killer bees
  7 howler monkeys
  A lava snake (D:9)
  3 hounds
  15 orc priests
  4 jellies
  A gnoll bouda (D:7)
  4 sleepcaps
  14 orc wizards
  3 iguanas
  9 adders
  15 gnolls
  3 shadow imps (D:7)
  A white imp (D:8)
  An ufetubus (D:7)
  8 worms
  2 dart slugs
  85 orcs
  6 endoplasms
  5 giant cockroaches
  8 goblins
  4 hobgoblins
  6 jackals (D:2)
  32 kobolds
  2 quokkas (D:4)
  10 ball pythons
  10 bats
  A frilled lizard (D:3)
  9 rats
  3 butterflies (Lair:2)
693 creatures vanquished.

Vanquished Creatures (collateral kills)
  2 hydras (Lair:5)
  2 smoke demons (D:14)
  2 cane toads (Lair:5)
  2 black mambas (Lair:5)
  A tengu conjurer (D:14)
  A wraith (D:12)
  A vampire mosquito (D:14)
  A neqoxec (D:14)
  A water moccasin (Lair:5)
  A nameless horror (D:12)
  4 jellies (Lair:4)
18 creatures vanquished.

Vanquished Creatures (others)
  A human (D:14)
  A vampire mosquito (D:13)
  2 demonic plants (D:14)
  37 fulminant prisms
  37 fungi
  43 plants
121 creatures vanquished.

Grand Total: 832 creatures vanquished

Table legend:
 A = Non-vault XP
 B = Vault XP
 C = Vault XP percentage of total XP
 D = Non-vault monster count
 E = Vault monster count
 F = Vault count percentage of total count
                 A         B        C        D         E       F
            +---------+---------+-------+---------+---------+-------
      Total |   81334 |   39687 |  32.8 |     501 |     203 |  28.8
            +---------+---------+-------+---------+---------+-------
        D:1 |      26 |       0 |   0.0 |      15 |       0 |   0.0
        D:2 |      78 |       0 |   0.0 |      23 |       0 |   0.0
        D:3 |      35 |       0 |   0.0 |      13 |       0 |   0.0
        D:4 |     246 |      29 |  10.5 |      18 |       8 |  30.8
        D:5 |     765 |     848 |  52.6 |      16 |       2 |  11.1
        D:6 |     660 |      13 |   1.9 |      16 |       1 |   5.9
        D:7 |    1181 |    2026 |  63.2 |      35 |      13 |  27.1
        D:8 |    1155 |     540 |  31.9 |      19 |       7 |  26.9
        D:9 |    2160 |    2740 |  55.9 |      12 |      24 |  66.7
       D:10 |    1821 |    1158 |  38.9 |      21 |       7 |  25.0
       D:11 |    4624 |       0 |   0.0 |      22 |       0 |   0.0
       D:12 |    6137 |       0 |   0.0 |      29 |       0 |   0.0
       D:13 |    5619 |     767 |  12.0 |      17 |       1 |   5.6
       D:14 |    7130 |    9693 |  57.6 |      14 |      20 |  58.8
     Lair:1 |    5981 |     765 |  11.3 |      23 |       1 |   4.2
     Lair:2 |    8673 |     416 |   4.6 |      28 |       2 |   6.7
     Lair:3 |    5909 |     466 |   7.3 |      22 |       1 |   4.3
     Lair:4 |   11354 |     167 |   1.4 |      45 |       4 |   8.2
     Lair:5 |    9100 |   12594 |  58.1 |      27 |      22 |  44.9
      Orc:1 |    3152 |     141 |   4.3 |      42 |       1 |   2.3
      Orc:2 |    5528 |    6092 |  52.4 |      44 |      37 |  45.7
      Sewer |       0 |     232 | 100.0 |       0 |      22 | 100.0
     Bailey |       0 |    1000 | 100.0 |       0 |      30 | 100.0
            +---------+---------+-------+---------+---------+-------

Skill      XL: |  1  2  3  4  5  6  7  8  9 10 11 12 13 14 15 |
---------------+----------------------------------------------+-----
Poison Magic   | 4 5 6 8 9 10 | 10.0
Transmutations | 2 4 11 15 | 15.9
Fire Magic     | 2 4 5 7 8 |  8.0
Spellcasting   | 4 7 8 9 10 12 | 12.0
Dodging        | 4 5 8 9 11 | 11.0
Fighting       | 1 2 4 5 |  5.0
Stealth        | 4 5 10 | 10.0
Conjurations   | 3 4 6 |  6.0
Invocations    | 5 6 7 |  7.0
Hexes          | 4 8 12 13 | 13.0
Summonings     | 4 |  4.0

Action                     |  1- 3 |  4- 6 |  7- 9 | 10-12 | 13-15 || total
---------------------------+-------+-------+-------+-------+-------++-------
  Melee: Short sword       |       |    16 |       |    57 |    38 ||   111
         Punch             |       |       |       |     1 |     1 ||     2
         Staff             |       |       |       |       |     3 ||     3
   Fire: Sling             |    97 |   172 |    76 |     2 |       ||   347
   Cast: Sting             |    21 |    25 |    37 |       |       ||    83
         Olgreb's Toxic Ra |       |    10 |    35 |   114 |   153 ||   312
         Ignite Poison     |       |     2 |    35 |    96 |   193 ||   326
         Sticky Flame      |       |       |     9 |    20 |    38 ||    67
         Yara's Violent Un |       |       |       |     2 |     1 ||     3
         Fulminant Prism   |       |       |       |       |    37 ||    37
         Summon Mana Viper |       |       |       |       |    28 ||    28
         Eringya's Noxious |       |       |       |       |    20 ||    20
  Evoke: Wand              |       |       |       |     3 |       ||     3
    Use: Scroll            |       |    12 |     2 |     7 |     7 ||    28
         Potion            |       |       |       |     1 |     3 ||     4
   Stab: Sleeping          |       |       |       |     4 |     1 ||     5
 Armour: Robe              |     3 |    14 |     5 |     9 |    17 ||    48
  Dodge: Dodged            |    17 |    96 |    37 |   183 |   299 ||   632

Illustrated notes

Table legend:
 A = Kills in this place as a percentage of kills in the entire game.
 B = Kills by you in this place as a percentage of kills by you in the entire game.
 C = Kills by friends in this place as a percentage of kills by friends in the entire game.
 D = Other kills in this place as a percentage of other kills in the entire game.
 E = Experience gained in this place as a percentage of experience gained in the entire game.
 F = Experience gained in this place divided by the number of levels of this place that you have seen.
                   A       B       C       D       E      F
               +-------+-------+-------+-------+-------+----------------------
         Total | 100.0 | 100.0 | 100.0 | 100.0 | 100.0 | 5261.8
       Dungeon |  50.1 |  50.4 |  35.3 | 100.0 |  40.9 | 3532.2
          Lair |  24.9 |  23.9 |  64.7 |   0.0 |  45.8 | 11085.0
  Orcish Mines |  17.6 |  18.1 |   0.0 |   0.0 |  12.3 | 7456.5
         Sewer |   3.1 |   3.2 |   0.0 |   0.0 |   0.2 | 232.0
        Bailey |   4.3 |   4.4 |   0.0 |   0.0 |   0.8 | 1000.0
               +-------+-------+-------+-------+-------+----------------------

Table legend: (Time is in decaauts)
 A = Elapsed time spent in this place.
 B = Non-inter-level travel time spent in this place.
 C = Inter-level travel time spent in this place.
 D = Time resting spent in this place.
 E = Time spent auto-exploring this place.
 F = Levels seen in this place.
 G = Mean time per level.
                   A        B        C        D        E       F      G
               +--------+--------+--------+--------+--------+-----+--------+
         Total |  26173 |  25514 |    659 |   6259 |  14757 |  23 | 1138.0 |
       Dungeon |  14967 |  14566 |    401 |   3635 |   8249 |  14 | 1069.1 |
          Lair |   7150 |   6950 |    200 |   1261 |   4691 |   5 | 1430.0 |
  Orcish Mines |   3352 |   3296 |     56 |   1132 |   1655 |   2 | 1676.0 |
         Sewer |    302 |    302 |      0 |      0 |    123 |   1 |  302.0 |
        Bailey |    400 |    400 |      0 |    231 |     38 |   1 |  400.0 |
               +--------+--------+--------+--------+--------+-----+--------+

Top non-repeatable levels by time:
  Lair:5: 2021 daAuts
     D:7: 1903 daAuts
   Orc:1: 1688 daAuts
   Orc:2: 1664 daAuts
    D:13: 1501 daAuts
  Lair:4: 1463 daAuts
  Lair:3: 1424 daAuts
     D:5: 1364 daAuts
     D:9: 1299 daAuts
    D:11: 1228 daAuts
     D:6: 1168 daAuts
  Lair:2: 1148 daAuts
  Lair:1: 1092 daAuts
    D:14: 1043 daAuts
    D:12: 984 daAuts
